 Dungeon Crawl Stone Soup version 0.24.0-1-gfbc8707122 (webtiles) character file.

Game seed: 16261949252929271558, levelgen mode: deterministic

275 Curus the Chopper (level 6, 0/45 HPs)
             Began as a Minotaur Abyssal Knight on Oct 27, 2019.
             Was a Priest of Lugonu.
             Slain by Grinder (4 damage)
             ... while paralysed by Grinder
             ... on level 3 of the Dungeon.
             The game lasted 00:09:49 (2167 turns).

Curus the Chopper (Minotaur Abyssal Knight)         Turns: 2167, Time: 00:09:50

Health: 0/45       AC: 12    Str: 17    XL:     6   Next: 3%
Magic:  8/8        EV:  2    Int:  9    God:    Lugonu [***...]
Gold:   133        SH:  0    Dex: 11    Spells: 5/5 levels left

rFire    . . .     SeeInvis .   a - +1 hand axe
rCold    . . .     Gourm    .   n - +0 buckler
rNeg     . . .     Faith    .   k - +1 chain mail (curse)
rPois    .         Spirit   .   (helmet restricted)
rElec    .         Reflect  .   g - +2 cloak
rCorr    .         Harm     .   (no gloves)
MR       .....     Rnd*Rage +   (no boots)
Stlth    ..........             (no amulet)
HPRegen  0.15/turn              (no ring)
MPRegen  0.11/turn              (no ring)

@: paralysed
A: retaliatory headbutt, horns 2, berserk 1, frail 1, wild magic 1
a: Depart the Abyss, Bend Space, Banish, Renounce Religion


You were on level 3 of the Dungeon.
You worshipped Lugonu.
Lugonu was most pleased with you.
You were not hungry.

You visited 1 branch of the dungeon, and saw 3 of its levels.
You visited the Abyss 1 time.

You collected 133 gold pieces.

Inventory:

Hand Weapons
 a - a +1 hand axe (weapon)
Armour
 b - a +1 leather armour
 e - a +1 ring mail
 g - a +2 cloak (worn)
 k - a cursed +1 chain mail (worn)
 n - a +0 buckler (worn)
Jewellery
 f - an uncursed amulet of inaccuracy
Scrolls
 i - a scroll of identify
 j - a scroll of teleportation
 m - a scroll of enchant armour
Potions
 d - 3 potions of flight
 h - a potion of might
Comestibles
 c - 6 rations
 l - 3 chunks of flesh


   Skills:
 - Level 3.6 Fighting
 + Level 5.6 Axes
 - Level 2.4 Armour
 - Level 1.1 Dodging
 + Level 4.5 Invocations


You had 5 spell levels left.
You didn't know any spells.
Your spell library was empty.

Dungeon Overview and Level Annotations

Branches:
Dungeon (3/15)

Altars:

Annotations:
D:3 Grinder


Innate Abilities, Weirdness & Mutations

You reflexively headbutt those who attack you in melee.
You have a pair of horns on your head.
You tend to lose your temper in combat.
You are frail. (-10% HP)
Your spells are a little harder to cast, but a little more powerful.


Message History

You slash Grinder! Your headbutt misses Grinder.
Grinder is almost dead.
Grinder hits you.
You writhe in agony.
You completely miss Grinder.
Grinder is almost dead.
Grinder barely misses you.
You hit Grinder.
Grinder is almost dead.
Grinder barely misses you.
You hit Grinder.
Grinder is almost dead.
Grinder gestures at you.
You suddenly lose the ability to move!
Grinder gestures at you. Pain shoots through your body!
* * * LOW HITPOINT WARNING * * *
Grinder hits you.
* * * LOW HITPOINT WARNING * * *
You writhe in agony.
You die...

.... .... #.##..#
... .## #.##..######
.. #........... #.
####..######
#.##########........
#..........#........
#..........#........
#..........#........
#..@.....†.#........
#..5.......'.#######
##.........#########
#......)...........
#..................
#..................
#########..........
#..........
#..........


You could see Grinder.

Vanquished Creatures
  Crazy Yiuf (D:2)
  Jessica (D:2)
  Natasha (thrice) (D:2)
  4 adders
  An ooze (D:2)
  3 worms
  5 dart slugs
  5 leopard geckos
  4 orcs (D:3)
  8 bats
  3 giant cockroaches
  8 goblins
  12 hobgoblins
  3 jackals (D:2)
  4 quokkas (D:2)
  A frilled lizard (D:3)
  5 kobolds
  13 rats
84 creatures vanquished.

Vanquished Creatures (others)
  4 toadstools (D:1)
4 creatures vanquished.

Grand Total: 88 creatures vanquished

Notes
Turn   | Place    | Note
-------+----------+-------------------------------------------
     0 | Abyss:1  | Curus the Minotaur Abyssal Knight began the quest for the
                  | Orb.
     0 | Abyss:1  | Reached XP level 1. HP: 19/19 MP: 1/1
    11 | Abyss:1  | Found a corrupted altar of Lugonu.
    43 | D:1      | Escaped the Abyss
   151 | D:1      | Reached skill level 3 in Axes
   151 | D:1      | Reached XP level 2. HP: 19/26 MP: 2/2
   306 | D:1      | Reached ** piety under Lugonu
   360 | D:1      | Reached XP level 3. HP: 21/31 MP: 4/4
   932 | D:2      | Noticed Natasha
   938 | D:2      | Killed Natasha
   938 | D:2      | Reached skill level 4 in Axes
   938 | D:2      | Reached XP level 4. HP: 36/39 MP: 5/5
   948 | D:2      | Noticed Natasha
   959 | D:2      | Killed Natasha
  1187 | D:2      | Noticed Natasha
  1195 | D:2      | Killed Natasha
  1195 | D:2      | Reached XP level 5. HP: 36/45 MP: 6/6
  1212 | D:2      | Found a runed translucent door.
  1213 | D:2      | Noticed Crazy Yiuf
  1524 | D:2      | Reached skill level 5 in Axes
  1525 | D:2      | Gained mutation: You tend to lose your temper in combat.
                  | [potion of mutation]
  1525 | D:2      | Gained mutation: You are frail. (-10% HP) [potion of
                  | mutation]
  1525 | D:2      | Gained mutation: Your spells are a little harder to cast,
                  | but a little more powerful. [potion of mutation]
  1611 | D:2      | Noticed Jessica
  1618 | D:2      | Killed Jessica
  1618 | D:2      | Reached *** piety under Lugonu
  1758 | D:2      | Killed Crazy Yiuf
  2091 | D:3      | Reached XP level 6. HP: 45/45 MP: 8/8
  2137 | D:3      | Noticed Grinder
  2145 | D:3      | Paralysed by Grinder for 4 turns
  2165 | D:3      | Paralysed by Grinder for 4 turns
  2167 | D:3      | Slain by Grinder

Levels and vault maps discovered:
D:1:      ldierk_walled_garden_2, layout_basic
D:2:      layout_loops_ring, first_ration, uniq_jessica,
          uniq_crazy_yiuf_cottage, uniq_natasha
D:3:      layout_basic, nicolae_overflow_hidden_temple, chequers_mini_garden,
          uniq_grinder

Skill      XL: |  1  2  3  4  5 |
---------------+----------------+-----
Invocations    | 2 3 4 |  4.5
Axes           | 3 4 5 |  5.6
Fighting       | |  3.6
Armour         | |  2.4
Dodging        | |  1.1

Action                   |  1- 3 |  4- 6 || total
-------------------------+-------+-------++-------
Melee: Hand axe          |    81 |   112 ||   193
       Headbutt          |    10 |    15 ||    25
  Use: Potion            |     2 |     4 ||     6
       Scroll            |     6 |     3 ||     9
  Eat: Chunk             |       |     4 ||     4
Armor: Leather armour    |    17 |     2 ||    19
       Ring mail         |       |    25 ||    25
       Chain mail        |       |    19 ||    19
Dodge: Dodged            |    30 |    44 ||    74
Block: Buckler           |       |     3 ||     3
